 Dungeon Crawl Stone Soup version 0.29-a0-901-g46a8461d6a (webtiles) character file.

Game seed: 1973787920151594612

220 Aviak the Grave Robber (level 6, 0/52 HPs)
             Began as a Meteoran Necromancer on July 23, 2022.
             Slain by a sky beast (5 damage)
             ... on level 4 of the Dungeon.
             The game lasted 00:08:08 (1663 turns).

Aviak the Grave Robber (Meteoran Necromancer)       Turns: 1663, Time: 00:08:08

Health: 0/52       AC:  2    Str:  9    XL:     6   Next: 42%
Magic:  9/20       EV: 13    Int: 17    God:
Gold:   39         SH:  0    Dex: 17    Spells: 3/11 levels left

rFire   . . .      SeeInvis .   n - staff of death
rCold   . . .      Faith    .   (no shield)
rNeg    + . .      Spirit   .   a - +0 robe
rPois   .          Reflect  .   (no helmet)
rElec   .          Harm     .   (no cloak)
rCorr   .          Rampage  .   (no gloves)
Will    .....                   (no boots)
Stlth   +.........              (no amulet)
HPRegen 0.17/turn               g - ring of magical power
MPRegen 0.17/turn               (no ring)

@: very slightly contaminated, glowing
A: sense surroundings 1, otherworldly, glowing, explore regen
a: no special abilities


You were on level 4 of the Dungeon.
You visited 1 branch of the dungeon, and saw 4 of its levels.

You collected 123 gold pieces.
You spent 84 gold pieces at shops.

Inventory:

Hand Weapons
 l - a +3 whip
 q - a +1 spear of freezing
Armour
 a - a +0 robe (worn)
 s - a +3 scale mail of fire resistance
Magical Staves
 n - a staff of death (weapon)
Jewellery
 g - a ring of magical power (left hand)
Wands
 e - a wand of charming (5)
 r - a wand of polymorph (6)
Scrolls
 c - a scroll of blinking
 d - a scroll of magic mapping {unknown}
 m - a scroll of noise {unknown}
 o - 4 scrolls of teleportation
Potions
 b - a potion of magic
 f - a potion of might
 h - a potion of resistance
 i - a potion of cancellation
 j - a potion of lignification {unknown}
 k - 2 potions of attraction {unknown}
 p - a potion of heal wounds


   Skills:
 + Level 3.6 Fighting
 + Level 2.4 Staves
 - Level 2.4 Dodging
 - Level 1.4 Stealth
 - Level 3.0 Spellcasting
 + Level 5.9 Necromancy


You had 3 spell levels left.
You knew the following spells:

 Your Spells              Type           Power      Damage    Failure   Level
a - Necrotise             Necr           100%       1d9       1%          1
b - Animate Dead          Necr           33%        N/A       16%         4
c - Vampiric Draining     Necr           33%        2d8       4%          3

Your spell library contained the following spells:

 Spells                   Type           Power      Damage    Failure   Level
 Gell's Gravitas          Tloc           2%         N/A       45%         3
 Teleport Other           Tloc           2%         N/A       45%         3
 Agony                    Necr           33%        N/A       41%         5
 Dispersal                Tloc           1%         N/A       100%        6


Dungeon Overview and Level Annotations

Branches:
Dungeon (4/15) Zot: 733
 Temple: D:4-7

Altars:
Wu Jian
Xom

Shops:
D:2 ?


Innate Abilities, Weirdness & Mutations

You passively map a small area around you.
You are easily found by Zot.
You glow in the dark.
You regain HP and MP as you explore.


Message History

The sky beast flickers out of sight!
Deactivating autopickup; reactivate with Ctrl-A.
Something hits you. Something shocks you.
Casting: Vampiric Draining (dangerous; 4% risk of failure)
Confirm with . or Enter, or press ? or * to list all spells.
You can't see any susceptible monsters within range! (Use Z to cast anyway.)
You feel sick.
You are no longer poisoned.
Something hits you. Something shocks you.
Casting: Vampiric Draining (dangerous; 4% risk of failure)
Confirm with . or Enter, or press ? or * to list all spells.
Aiming: Vampiric Draining (dangerous; 4% risk of failure)
Press: ? - help, Shift-Dir - straight line You feel a surge of power!
You miscast Vampiric Draining.
You are very lightly contaminated with residual magic.
Nothing appears to happen.
Your orc skeleton barely misses something.
Something barely misses you.
Casting: Vampiric Draining (dangerous; 4% risk of failure)
Confirm with . or Enter, or press ? or * to list all spells.
Aiming: Necrotise (safe; 1% risk of failure)
Press: ? - help, Shift-Dir - straight line You feel a surge of power!
Something writhes in agony.
Your orc skeleton misses something.
Something hits you. Something shocks you.
Casting: Necrotise (safe; 1% risk of failure)
Confirm with . or Enter, or press ? or * to list all spells.
Aiming: Necrotise (safe; 1% risk of failure)
Press: ? - help, Shift-Dir - straight line You feel a surge of power!
Something writhes in agony.
Something hits you.
* * * LOW HITPOINT WARNING * * *
Something shocks you.
* * * LOW HITPOINT WARNING * * *
Your orc skeleton barely misses something.
Casting: Necrotise (safe; 1% risk of failure)
Confirm with . or Enter, or press ? or * to list all spells.
You don't know that spell.
You completely miss something. Something hits you.
* * * LOW HITPOINT WARNING * * *
Something shocks you.
You die...

#........# #
##.......# #
#.......### #
##........## ##
#.....##..## * ,
.# ##..#####..##
, .# #### ##..##
.#
#####†.####..#
.# #.....@.....#
, ##
#......Z{.....#
, #
.......Z......#
* ##
...............#
.#
#..............#
.#
##.............#
.##
##.............
..#
##............
..# * , * *


You could see a friendly adder skeleton and a friendly orc skeleton.

Vanquished Creatures
  A scorpion (D:4)
  A hound (D:4)
  Ijyb (D:4)
  4 adders
  2 worms
  2 dart slugs
  An orc (D:4)
  6 ball pythons
  6 endoplasms
  3 giant cockroaches
  7 hobgoblins
  3 jackals (D:2)
  2 quokkas
  2 bats (D:1)
  2 goblins
  8 kobolds
  5 rats
56 creatures vanquished.

Vanquished Creatures (collateral kills)
  A dart slug (D:1)
  A ball python (D:2)
2 creatures vanquished.

Grand Total: 58 creatures vanquished

Notes
Turn   | Place    | Note
-------+----------+-------------------------------------------
     0 | D:1      | Aviak the Meteoran Necromancer began the quest for the Orb.
     0 | D:1      | Reached XP level 1. HP: 14/14 MP: 5/5
    75 | D:1      | Reached XP level 2. HP: 22/22 MP: 4/6
    87 | D:1      | Reached skill level 1 in Fighting
   186 | D:1      | Found a faded altar of an unknown god.
   265 | D:2      | Reached XP level 3. HP: 28/28 MP: 4/8
   275 | D:2      | Learned a level 3 spell: Vampiric Draining
   618 | D:2      | Reached skill level 5 in Necromancy
   713 | D:2      | Reached XP level 4. HP: 24/36 MP: 9/9
   906 | D:2      | Learned a level 4 spell: Animate Dead
   914 | D:2      | Found Seiwkyxe's Magic Scroll Shop.
   927 | D:2      | Bought a scroll of identify for 24 gold pieces
   927 | D:2      | Bought a scroll of teleportation for 36 gold pieces
   927 | D:2      | Bought a scroll of identify for 24 gold pieces
  1258 | D:4      | Reached skill level 1 in Staves
  1258 | D:4      | Reached XP level 5. HP: 45/45 MP: 10/10
  1283 | D:4      | Found a shimmering altar of Xom.
  1320 | D:3      | Found an ornate altar of the Wu Jian Council.
  1599 | D:4      | Reached XP level 6. HP: 45/51 MP: 11/11
  1614 | D:4      | Noticed Ijyb
  1630 | D:4      | Killed Ijyb
  1652 | D:4      | Noticed a sky beast
  1663 | D:4      | Slain by a sky beast

Illustrated notes

Levels and vault maps discovered:
D:1:      scummos_arrival_hexagon, layout_basic,
          shapermc_ecumenical_altar_petra, minmay_tall_x
D:2:      layout_loops_corners, serial_shops, nicolae_shop_window_shopping
D:3:      layout_basic, nicolae_wu_jian_immortal_techniques
D:4:      layout_cave_pods, mainiacjoe_overflow_alcove_1, uniq_ijyb

Skill      XL: |  1  2  3  4  5 |
---------------+----------------+-----
Spellcasting   | 3 |  3.0
Fighting       | 1 2 3 |  3.6
Necromancy     | 5 |  5.9
Staves         | 1 2 |  2.4
Dodging        | |  2.4
Stealth        | |  1.4

Action                   |  1- 3 |  4- 6 || total
-------------------------+-------+-------++-------
Melee: Unarmed           |     5 |       ||     5
       Whip              |    13 |       ||    13
       Punch             |     1 |       ||     1
       Staff             |       |    22 ||    22
 Cast: Necrotise         |    53 |    49 ||   102
       Vampiric Draining |       |     6 ||     6
  Use: Scroll            |       |     4 ||     4
       Potion            |       |     1 ||     1
Armor: Robe              |     4 |       ||     4
Dodge: Dodged            |    29 |    35 ||    64

Table legend: (Time is in decaauts)
 A = Elapsed time spent in this place.
 B = Non-inter-level travel time spent in this place.
 C = Inter-level travel time spent in this place.
 D = Time resting spent in this place.
 E = Time spent auto-exploring this place.
 F = Levels seen in this place.
 G = Mean time per level.
                   A        B        C        D        E       F      G
               +--------+--------+--------+--------+--------+-----+--------+
         Total |   1665 |   1501 |    164 |      0 |    625 |   4 |  416.2 |
       Dungeon |   1665 |   1501 |    164 |      0 |    625 |   4 |  416.2 |
               +--------+--------+--------+--------+--------+-----+--------+

Top non-repeatable levels by time:
     D:2: 782 daAuts
     D:3: 446 daAuts
     D:1: 291 daAuts
     D:4: 145 daAuts
